 Dungeon Crawl Stone Soup version 0.18-a0-1670-gb40d73e (webtiles) character file.

54088 inmateoo the Spear-Bearer (level 14, -1/111 HPs)
             Began as a Demonspawn Arcane Marksman on Apr 1, 2016.
             Was the Champion of Makhleb.
             Slain by a catoblepas (8 damage)
             ... on level 8 of the Lair of Beasts.
             The game lasted 00:30:09 (19261 turns).

inmateoo the Spear-Bearer (DsAM)                   Turns: 19261, Time: 00:30:10

Health: -1/111     AC: 18    Str: 18    XL:     14   Next: 33%
Magic:  31/31      EV:  2    Int: 14    God:    Makhleb [******]
Gold:   818        SH:  0    Dex: 17    Spells: 3 memorised, 19 levels left

rFire  + . .     SeeInvis .     d - +2 halberd (flame)
rCold  . . .     Gourm    .     i - +2 scale mail of Jaacwez {rPois MP+9 Stlth+}
rNeg   + + +     Faith    .     (shield currently unavailable)
rPois  ∞         Spirit   .     T - +1 hat
rElec  +         Dismiss  .     V - +0 cloak
rCorr  .         Reflect  +     j - +0 pair of gloves
SustAt .         Harm     .     (boots unavailable)
MR     +....     Clarity  +     P - +3 amulet of reflection
Stlth  ++........               W - +6 ring of evasion
                                K - ring of protection from fire

@: agile, petrified, repel missiles, somewhat resistant to hostile enchantments,
unstealthy
A: hooves 3, thin metallic scales 3, clarity, mutation resistance 1, powered by
pain 3, spiny 1, MP-powered wands
a: Minor Destruction, Lesser Servant of Makhleb, Major Destruction, Greater
Servant of Makhleb, Renounce Religion


You were on level 8 of the Lair of Beasts.
You worshipped Makhleb.
Makhleb was exalted by your worship.
You were not hungry.

You visited 3 branches of the dungeon, and saw 21 of its levels.
You also visited: Volcano.

You collected 1416 gold pieces.
You spent 598 gold pieces at shops.

Inventory:

Hand Weapons
 d - a +2 halberd of flaming (weapon)
Armour
 i - the +2 scale mail of Jaacwez (worn) {rPois MP+9 Stlth+}
   (You found it on level 2 of the Lair of Beasts)

   It protects you from poison.
   It affects your magic capacity (+9).
   It makes you more stealthy.
 j - a +0 pair of gloves (worn)
 T - a +1 hat (worn)
 V - a +0 cloak (worn)
Jewellery
 e - an uncursed ring of teleportation
 z - an uncursed ring of see invisible
 K - a ring of protection from fire (left hand)
 P - a +3 amulet of reflection (around neck)
 W - a +6 ring of evasion (right hand)
Wands
 c - a wand of teleportation (4/9)
 r - a wand of random effects (17/48)
 u - a wand of teleportation (6/9)
 x - a wand of lightning (5/15)
 B - a wand of paralysis (5/24)
 J - a wand of acid (3/15)
 U - a wand of lightning (8/15)
 Y - a wand of confusion (7/48)
Scrolls
 n - a scroll of recharging
 o - a scroll of acquirement {unknown}
 t - 3 scrolls of amnesia
 w - 2 scrolls of magic mapping
 y - 6 scrolls of enchant armour
 A - 2 scrolls of enchant weapon
 I - 3 scrolls of identify
 M - 7 scrolls of teleportation
 O - 2 scrolls of remove curse
 S - 3 scrolls of fear
 X - a scroll of blinking
Potions
 b - a potion of haste
 h - 4 potions of heal wounds
 k - 4 potions of might
 l - 2 potions of cure mutation
 m - 3 potions of resistance
 p - 3 potions of agility
 s - 8 potions of brilliance
 v - 6 potions of berserk rage
 D - 4 potions of flight
 G - 2 potions of magic
 H - 10 potions of curing
 Q - 2 potions of mutation
 R - 2 potions of invisibility
Miscellaneous
 L - a legendary deck of war {drawn: 2}
Comestibles
 a - 6 beef jerkies
 f - 10 bread rations
 g - 14 fruits
 q - a chunk of flesh
 F - 7 meat rations
 N - 6 slices of pizza


   Skills:
 + Level 10.4 Fighting
 * Level 12.9 Polearms
   Level 1.7 Slings
 + Level 9.0 Armour
 + Level 9.6 Dodging
 + Level 5.7 Spellcasting
   Level 3.0 Hexes
 - Level 4.6 Charms
 * Level 4.0 Translocations
 - Level 4.1 Air Magic
 + Level 7.7 Invocations


You had 19 spell levels left.
You knew the following spells:

 Your Spells              Type           Power        Failure   Level  Hunger
a - Apportation           Tloc           ###.......   12%         1    None
b - Blink                 Tloc           N/A          14%         2    #......
c - Repel Missiles        Chrm/Air       ###...       12%         2    #......


Dungeon Overview and Level Annotations

Branches:
Dungeon (12/15)            Temple (1/1) D:6            Lair (8/8) D:8
  Swamp (0/4) Lair:5        Snake (0/4) Lair:4          Orc (0/2) D:9
  Slime: Lair:6-8

Altars:
Ashenzari
Cheibriados
Dithmenos
Elyvilon
Fedhas
Gozag
Kikubaaqudgha
Makhleb
Nemelex Xobeh
Okawaru
Pakellas
Qazlal
Ru
Sif Muna
Trog
Vehumet
Xom
Yredelemnul
Zin
The Shining One

Shops:
D:8 *   D:9 ?   D:10 (

Annotations:
D:6 1 runed door
Lair:6 exclusion: 3 oklob plants


Innate Abilities, Weirdness & Mutations

You have hooves in place of feet.
You are completely covered in thin metallic scales (AC +4, rElec).
You are powered by pain.
You are partially covered in sharp spines.
You possess an exceptional clarity of mind.
You are somewhat resistant to further mutation.
You expend magic power (3 MP) to strengthen your wands.


Message History

* * * LOW HITPOINT WARNING * * *
The yak is struck by your spines. The yak gores you but does no damage.
The catoblepas gores you!
* * * LOW HITPOINT WARNING * * *
The yak is struck by your spines. The yak gores you but does no damage.
The catoblepas gores you but does no damage.
The yak gores you but does no damage.
The catoblepas breathes a plume of calcifying dust at you.
The blast of calcifying dust hits you!
You are engulfed in calcifying dust.
The yak gores you!
* * * LOW HITPOINT WARNING * * *
The catoblepas is struck by your spines.
The catoblepas gores you but does no damage.
You are engulfed in calcifying dust.
The yak is no longer petrified.
The yak is struck by your spines. The yak gores you.
* * * LOW HITPOINT WARNING * * *
The yak is struck by your spines. The yak gores you!
* * * LOW HITPOINT WARNING * * *
The catoblepas gores you!
You die...

### ##.....†###..
.... #......## ##.
..8. #PP###...## #.
.8... ####...####
P..8.## ###.###...#
# ..... ##.....##÷.#
#..##
###...#......##
#†.###....P##......#
##†Y@†....####....##
##YYP###.## ###.##
#...## #..## ###
##...# ##..### ###
###..## ##..†##PP#
##..†## ###..†...##
# ###..###
###...##....# #
##....##
##...####...## #
#......###...##
P..(####


You could see a catoblepas and 2 yaks.

Vanquished Creatures
  Gastronok (Lair:3)
  Maud (Lair:4)
  6 hydras
  A catoblepas (Lair:8)
  A queen ant (Lair:4)
  13 death yaks
  2 unseen horrors (D:11)
  A deep elf mage (Volcano)
  3 hill giants
  An oklob plant (Lair:6)
  An ugly thing (D:11)
  3 elephants (Lair:6)
  4 black mambas
  3 torpor snails
  2 rime drakes
  7 spiny frogs
  5 komodo dragons
  A troll (D:11)
  Prince Ribbit (Lair:3)
  7 blink frogs
  2 boulder beetles (Lair:7)
  Sigmund (D:2)
  4 spriggans
  A shadow (D:11)
  Eustachio (D:4)
  6 basilisks
  A wyvern (D:10)
  A hog (Volcano)
  66 yaks
  2 fire bats (Volcano)
  6 vampire mosquitoes (Lair:5)
  6 hippogriffs
  A hungry ghost (D:9)
  A steam dragon (D:10)
  4 nagas (Lair:4)
  5 soldier ants (Lair:4)
  9 water moccasins
  6 orc warriors
  9 porcupines
  2 ice beasts
  7 sky beasts
  A wasp (Lair:3)
  An eye of draining (D:11)
  2 necrophages
  6 ogres
  7 centaurs
  5 wolves
  2 phantoms
  10 crocodiles
  2 big kobolds
  17 giant frogs
  5 scorpions
  11 killer bees
  A howler monkey (D:8)
  2 electric eels
  5 crimson imps
  5 centaur zombies
  2 giant frog zombies
  2 hounds
  A jelly (D:10)
  5 centaur skeletons
  A giant frog skeleton (D:11)
  A quasit (D:8)
  3 orc priests
  2 orc wizards
  10 iguanas
  17 worker ants
  23 sheep
  A killer bee zombie (D:7)
  A hound zombie (D:10)
  A hound skeleton (D:6)
  2 worker ant zombies
  7 gnolls
  11 adders
  27 river rats
  2 shadow imps
  2 oozes
  An adder zombie (D:6)
  2 adder skeletons (D:4)
  2 worms
  6 dart slugs
  3 giant geckos
  24 orcs
  A ball python (D:1)
  9 giant cockroaches
  12 goblins
  8 hobgoblins
  9 jackals
  9 kobolds
  7 quokkas
  12 bats
  A giant gecko skeleton (D:4)
  13 giant newts
  A jackal skeleton (D:9)
  3 quokka skeletons
  11 rats
  2 fungi (D:8)
544 creatures vanquished.

Vanquished Creatures (collateral kills)
  A yak (Lair:3)
1 creature vanquished.

Vanquished Creatures (others)
  20 fungi (D:8)
  4 plants
24 creatures vanquished.

Grand Total: 569 creatures vanquished

Notes
Turn   | Place    | Note
--------------------------------------------------------------
     0 | D:1      | inmateoo the Demonspawn Arcane Marksman began the quest for the Orb.
     0 | D:1      | Reached XP level 1. HP: 15/15 MP: 2/2
    61 | D:1      | Gained mutation: You are partially covered in thin metallic scales (AC +2). [demonic ancestry]
    61 | D:1      | Reached XP level 2. HP: 21/21 MP: 3/3
   268 | D:1      | Gained mutation: You have large cloven feet. [demonic ancestry]
   268 | D:1      | Reached XP level 3. HP: 27/27 MP: 4/4
   981 | D:2      | Noticed Sigmund
  1068 | D:3      | Found a blossoming altar of Fedhas.
  1140 | D:3      | Reached XP level 4. HP: 34/34 MP: 5/5
  1271 | D:3      | Reached skill level 1 in Polearms
  1285 | D:3      | Found a white marble altar of Elyvilon.
  1396 | D:3      | Found a basalt altar of Yredelemnul.
  1399 | D:3      | Noticed a profane servitor
  1413 | D:3      | Found a glowing golden altar of the Shining One.
  1415 | D:3      | Noticed an angel
  1659 | D:4      | Gained mutation: You sometimes gain a little power by taking damage. [demonic ancestry]
  1659 | D:4      | Reached XP level 5. HP: 34/40 MP: 6/6
  1680 | D:4      | Reached skill level 2 in Polearms
  1680 | D:4      | Reached skill level 1 in Armour
  1797 | D:4      | You fall through a shaft!
  1797 | D:5      | Entered Level 5 of the Dungeon
  1825 | D:5      | Noticed an ogre
  1842 | D:5      | Killed an ogre
  1842 | D:5      | Reached XP level 6. HP: 21/47 MP: 7/7
  3055 | D:4      | Found a shadowy altar of Dithmenos.
  3055 | D:4      | Found an iron altar of Okawaru.
  3125 | D:4      | Noticed Eustachio
  3150 | D:4      | Killed Eustachio
  3150 | D:4      | Reached skill level 3 in Polearms
  3312 | D:2      | Killed Sigmund
  3312 | D:2      | Gained mutation: You sometimes gain power by taking damage. [demonic ancestry]
  3312 | D:2      | Reached XP level 7. HP: 53/53 MP: 8/8
  3760 | D:6      | Reached skill level 4 in Polearms
  3921 | D:6      | Found a staircase to the Ecumenical Temple.
  3945 | Temple   | Entered the Ecumenical Temple
  4004 | Temple   | Became a worshipper of Makhleb the Destroyer
  4608 | D:6      | Reached skill level 5 in Polearms
  4608 | D:6      | Reached XP level 8. HP: 49/61 MP: 9/9
  4636 | D:6      | Found an oddly glowing altar of Pakellas.
  4849 | D:6      | Found a stormy altar of Qazlal.
  5000 | D:6      | Found a runed door.
  5012 | D:6      | Found a runed door.
  5079 | D:6      | Reached * piety under Makhleb
  5083 | D:6      | Reached skill level 5 in Fighting
  5221 | D:6      | Found a glowing silver altar of Zin.
  5419 | D:7      | Reached skill level 6 in Polearms
  5507 | D:7      | Reached skill level 5 in Dodging
  5598 | D:7      | Gained mutation: You are partially covered in sharp spines. [demonic ancestry]
  5598 | D:7      | Reached XP level 9. HP: 36/68 MP: 10/10
  6153 | D:7      | Reached skill level 7 in Polearms
  6437 | D:7      | Reached ** piety under Makhleb
  6727 | D:8      | Found a sparkling altar of Nemelex Xobeh.
  6875 | D:8      | Found a staircase to the Lair.
  6954 | D:8      | Reached skill level 5 in Armour
  7161 | D:8      | Found a deep blue altar of Sif Muna.
  7467 | D:8      | Reached *** piety under Makhleb
  7716 | D:8      | Found Tuecog's Assorted Antiques.
  7732 | D:8      | Bought a scroll of identify for 56 gold pieces
  7732 | D:8      | Bought a scroll of identify for 56 gold pieces
  7732 | D:8      | Bought a scroll of enchant armour for 210 gold pieces
  7732 | D:8      | Bought a potion of curing for 84 gold pieces
  7737 | D:8      | Found a snail-covered altar of Cheibriados.
  7800 | D:8      | Reached skill level 8 in Polearms
  7948 | D:8      | Found a shattered altar of Ashenzari.
  8128 | D:8      | Gained mutation: You have hoof-like feet. [demonic ancestry]
  8128 | D:8      | Reached XP level 10. HP: 76/76 MP: 11/11
  8660 | D:9      | Gained mutation: You have a pair of small horns on your head. [mutagenic meat]
  8661 | D:9      | Gained mutation: You have hooves in place of feet. [mutagenic meat]
  8662 | D:9      | Gained mutation: You are somewhat resistant to further mutation. [mutagenic meat]
  8713 | D:9      | Found Tuziph's Magic Scroll Emporium.
  8735 | D:9      | Bought a scroll of identify for 24 gold pieces
  8735 | D:9      | Bought a scroll of identify for 24 gold pieces
  8735 | D:9      | Bought a scroll of identify for 24 gold pieces
  8873 | D:9      | Reached **** piety under Makhleb
  8878 | D:9      | Reached skill level 9 in Polearms
  9036 | D:9      | Found a staircase to the Orcish Mines.
  9197 | D:9      | Gained mutation: You are mostly covered in thin metallic scales (AC +3). [mutagenic meat]
  9199 | D:9      | Gained mutation: You possess an exceptional clarity of mind. [mutagenic meat]
  9235 | D:10     | Entered Level 10 of the Dungeon
  9296 | D:10     | Noticed a hill giant
  9307 | D:10     | Killed a hill giant
  9397 | D:10     | Found Nefits's Antique Weapon Shop.
  9667 | D:10     | Gained mutation: You are powered by pain. [demonic ancestry]
  9667 | D:10     | Reached XP level 11. HP: 62/84 MP: 12/12
  9807 | D:11     | Killed an unseen horror
  9922 | D:11     | Killed an unseen horror
  9922 | D:11     | Reached skill level 10 in Polearms
 10103 | D:11     | Reached ***** piety under Makhleb
 10356 | D:11     | Noticed a cyan ugly thing
 10357 | D:11     | Noticed a hill giant
 10377 | D:11     | Killed a cyan ugly thing
 10381 | D:11     | Killed a hill giant
 11235 | D:12     | Learned a level 1 spell: Apportation
 11238 | D:12     | Learned a level 2 spell: Blink
 11241 | D:12     | Learned a level 2 spell: Repel Missiles
 11262 | D:12     | Noticed a hill giant
 11274 | D:12     | Killed a hill giant
 11553 | D:10     | Bought a glowing halberd for 120 gold pieces
 11634 | D:8      | Gained mutation: You expend magic power (3 MP) to strengthen your wands. [mutagenic glow]
 11668 | Lair:1   | Entered Level 1 of the Lair of Beasts
 11678 | Lair:1   | Lost mutation: You have a pair of small horns on your head. [mutagenic glow]
 11702 | Lair:1   | Reached skill level 1 in Charms
 11737 | Lair:1   | Reached skill level 1 in Air Magic
 12294 | Lair:1   | Reached skill level 11 in Polearms
 12303 | Lair:1   | Gained mutation: You are completely covered in thin metallic scales (AC +4, rElec). [demonic ancestry]
 12303 | Lair:1   | Reached XP level 12. HP: 58/92 MP: 14/14
 12304 | Lair:1   | Reached skill level 1 in Invocations
 12521 | Lair:2   | Got a crude scale mail
 12532 | Lair:2   | Identified the +2 scale mail of Jaacwez {rPois MP+9 Stlth+} (You found it on level 2 of the Lair of Beasts)
 13483 | Lair:3   | Noticed Prince Ribbit
 13492 | Lair:3   | Killed Prince Ribbit
 13660 | Lair:3   | Noticed Gastronok
 13681 | Lair:3   | Reached ****** piety under Makhleb
 13707 | Lair:3   | Killed Gastronok
 14260 | Lair:4   | Noticed a queen ant
 14275 | Lair:4   | Killed a queen ant
 14438 | Lair:4   | Noticed a death yak
 14447 | Lair:4   | Noticed a death yak
 14451 | Lair:4   | Noticed a death yak
 14482 | Lair:4   | Killed a death yak
 14508 | Lair:4   | Killed a death yak
 14534 | Lair:4   | Killed a death yak
 14622 | Lair:4   | Found a staircase to the Snake Pit.
 14718 | Lair:4   | Noticed Maud
 14740 | Lair:4   | Killed Maud
 14740 | Lair:4   | Reached skill level 5 in Invocations
 14740 | Lair:4   | Reached XP level 13. HP: 35/99 MP: 18/18
 14927 | Lair:4   | Reached skill level 12 in Polearms
 14954 | Lair:4   | HP: 2/99 [yak (12)]
 14962 | Lair:4   | HP: 3/101 [torpor snail (18)]
 15879 | Lair:5   | Drew Focus: Str increased to 18, Dex decreased to 12
 16216 | Lair:5   | Found a staircase to the Swamp.
 16637 | Lair:6   | Reached skill level 10 in Fighting
 16915 | Lair:6   | Reached skill level 1 in Translocations
 16946 | Lair:6   | Found an iron altar of Okawaru.
 17745 | Lair:7   | Found a dark tunnel.
 17753 | Volcano  | Entered a volcano
 17983 | Lair:7   | Reached skill level 5 in Spellcasting
 18473 | Lair:8   | Entered Level 8 of the Lair of Beasts
 18568 | Lair:8   | Reached XP level 14. HP: 77/110 MP: 21/21
 19261 | Lair:8   | Slain by a catoblepas

Vault maps used:
D:1:      shiori_arrival_maze, minivault_14
D:2:      corexii_item_surrounded_by_moat, uniq_sigmund
D:3:      grunt_temple_overflow_holy_war, fedhas_altar_1, old_standard_altar,
          first_bread
D:4:      minitemple, uniq_eustachio
D:5:      minivault_24
D:6:      lemuel_insect_pit, marbit_many_paths, grunt_qazlal_sundering,
          lemuel_round_altar, minmay_temple_entry_crystal_x
D:8:      kennysheep_little_box, lemuel_round_altar,
          nicolae_overflow_hidden_temple, old_standard_altar,
          due_lair_maze_entry_diamond, serial_shops, nicolae_shop_waterfront,
          grunt_pizzeria
D:9:      orc_0_dummy, serial_shops, shop, evilmike_butchery
D:10:     serial_glass, glass_columns_c, glass_columns_b, serial_shops, shop,
          kennysheep_generic_room_11
Temple:   temple_island_7
Lair:1:   wad_woods_02, infiniplex_staircase_pool_2
Lair:2:   serial_bayou_shore_b, serial_bayou_shore_a, grunt_megastairs_2,
          lemuel_fruit_fields
Lair:3:   serial_bayou_shore_b, uniq_prince_ribbit2, uniq_gastronok
Lair:4:   minmay_snake_entry_guardpost_small, small_statue_intersection,
          wad_woods_antlair, uniq_maud
Lair:5:   minmay_swamp_entry_swarm, infiniplex_staircase_pool
Lair:6:   minmay_slime_entry_oklob_enclosed, lemuel_oklob_altar
Lair:7:   boulder_dual_corridor_run, lightli_volcano_entry_magma_tube,
          st_stairs_5, minmay_holes
Lair:8:   evilmike_catoblepas_cave
Volcano:  volcano_village

Skill      XL: |  1  2  3  4  5  6  7  8  9 10 11 12 13 14 |
---------------+-------------------------------------------+-----
Dodging        | 2 3 4 5 6 7 8 9 |  9.6
Fighting       | 2 3 4 5 6 7 8 9 10 | 10.4
Polearms       | 1 2 3 5 6 8 9 11 12 | 12.9
Armour         | 1 2 3 4 5 6 7 8 9 |  9.0
Charms         | 2 3 4 |  4.6
Air Magic      | 1 3 4 |  4.1
Invocations    | 5 7 |  7.7
Spellcasting   | 3 5 |  5.7
Translocations | 3 4 |  4.0
Slings         | |  1.7
Hexes          | |  3.0

Action                   |  1- 3 |  4- 6 |  7- 9 | 10-12 | 13-15 || total
-------------------------+-------+-------+-------+-------+-------++-------
Melee: Spear             |    45 |   121 |   584 |  1144 |   599 ||  2493
       Halberd           |       |       |       |       |   191 ||   191
 Fire: Hunting sling     |    90 |       |       |       |       ||    90
 Cast: Repel Missiles    |       |       |       |       |     1 ||     1
Evoke: Wand              |       |       |       |     5 |     2 ||     7
       Deck              |       |       |       |     2 |     9 ||    11
  Use: Scroll            |       |     6 |     9 |    18 |     7 ||    40
       Potion            |       |       |     3 |     2 |     3 ||     8
 Stab: Distracted        |       |       |       |     1 |       ||     1
  Eat: Chunk             |     1 |     4 |    15 |    28 |    12 ||    60
       Beef jerky        |       |     2 |       |     1 |       ||     3
       Royal jelly       |       |       |       |     1 |       ||     1
       Fruit             |       |       |       |     2 |       ||     2
       Pizza             |       |       |       |     1 |     2 ||     3
